 Dungeon Crawl Stone Soup version 0.20.1-1-g8b1a95d (webtiles) character file.

70 Irenicus the Insei (level 4, 0/31 HPs)
             Began as an Octopode Chaos Knight on Oct 17, 2017.
             Splashed by a jelly's acid (9 damage)
             ... on level 2 of the Dungeon.
             The game lasted 00:02:32 (1276 turns).

Irenicus the Insei (Octopode Chaos Knight)          Turns: 1276, Time: 00:02:39

Health: 0/31       AC: -3    Str: 11    XL:     4   Next: 22%
Magic:  4/4        EV: 13    Int: 14    God:    Xom [.*....]
Gold:   136        SH:  3    Dex: 12    Spells: 3/3 levels left

rFire    . . .     SeeInvis .     - Unarmed
rCold    . . .     Gourm    .   c - +0 buckler
rNeg     . . .     Faith    .   (helmet restricted)
rPois    +         Spirit   .   i - amulet of regeneration
rElec    .         Reflect  .   k - ring of poison resistance
rCorr    .         Harm     .   (no ring)
MR       .....                  (no ring)
Stlth    ++........             (no ring)
Regen    0.5/turn               (no ring)
MPRegen  0.1/turn               (no ring)
                                (no ring)
                                (no ring)

@: corroded
A: almost no armour, stealthy swim, amphibious, 8 rings, constrict 8, camouflage
1, gelatinous body 1
a: Renounce Religion


You were on level 2 of the Dungeon.
You worshipped Xom.
You were a plaything of Xom.
You were not hungry.

You visited 1 branch of the dungeon, and saw 2 of its levels.

You collected 136 gold pieces.

Inventory:

Missiles
 p - a throwing net (quivered)
 r - 4 tomahawks
Armour
 c - a +0 buckler (worn)
Jewellery
 i - an amulet of regeneration (around mantle)
 k - a ring of poison resistance (left tentacle)
Scrolls
 b - 3 scrolls of identify {unknown}
 d - a scroll of noise {unknown}
 e - a scroll of immolation {unknown}
 g - 2 scrolls of remove curse {unknown}
 h - 3 scrolls of teleportation {unknown}
 j - a scroll of random uselessness {unknown}
 o - a scroll of enchant weapon {unknown}
 q - a scroll of recharging {unknown}
Potions
 m - a potion of brilliance {unknown}
 n - a potion of might {unknown}
 t - a potion of lignification {unknown}
Comestibles
 a - a bread ration
 f - 3 fruits
 l - a meat ration
 s - a chunk of flesh


   Skills:
 - Level 3.0 Fighting
 - Level 2.3 Dodging
 + Level 4.9 Unarmed Combat


You had 3 spell levels left.
You didn't know any spells.

Dungeon Overview and Level Annotations

Branches:
Dungeon (2/15)

Altars:
Nemelex Xobeh
Vehumet


Innate Abilities, Weirdness & Mutations

You cannot wear most types of armour.
You are very stealthy in the water. (Stealth+)
You are amphibious.
You can wear up to eight rings at the same time.
You can use your tentacles to constrict eight enemies at once.
Your skin changes colour to match your surroundings (Stealth+).
Your rubbery body absorbs attacks. (AC +1, EV +1)


Message History

The adder is moderately wounded.
The rat bites you. The adder barely misses you.
You tentacle-slap the rat.
You kill the rat! "This might be better!"
The adder evaporates and reforms as a jelly!
The jelly hits you.
You are splashed with acid!
The acid burns!
You tentacle-slap the jelly but do no damage.
Your tentacles burn!
The jelly is lightly wounded.
The jelly hits you but does no damage.
You bludgeon the jelly!
Your tentacles burn!
The jelly is heavily wounded.
You tentacle-slap the jelly. The acid corrodes you!
Your tentacles burn!
The jelly is severely wounded.
The jelly hits you.
* * * LOW HITPOINT WARNING * * *
You are splashed with acid!
The acid burns!
You die...
Xom is highly amused!

##..##..............#
##................#.# #
#.###......#.....#.#.#
##.########.#.#####.#.#
.....................>#
.##############.§.§§.###
## #...§.§...# #######
#..§._....#
......########.<@§.§§?.#
............##..J§.....#
......#####.##.........#
......# #..#.........#
......######.#####.#####
####### ########.....##
.# #....<# #......# #.#
#.##### #......##
#.#######.######
#.......#
#.#....##.......


You could see a jelly.

Vanquished Creatures
  A gnoll (D:1)
  An adder (D:1)
  An ooze (D:1)
  A worm (D:2)
  2 dart slugs
  A leopard gecko (D:1)
  A ball python (D:2)
  4 hobgoblins
  3 kobolds (D:1)
  A quokka (D:2)
  5 bats
  7 frilled lizards
  8 goblins
  4 rats
40 creatures vanquished.

Vanquished Creatures (others)
  A giant cockroach (D:2)
  A ball python (D:2)
2 creatures vanquished.

Grand Total: 42 creatures vanquished

Notes
Turn   | Place    | Note
-------+----------+-------------------------------------------
     0 | D:1      | Irenicus the Octopode Chaos Knight began the quest for the Orb.
     0 | D:1      | Reached XP level 1. HP: 16/16 MP: 1/1
    40 | D:1      | XOM: harmless Necr miscast
   194 | D:1      | Reached XP level 2. HP: 21/21 MP: 2/2
   276 | D:1      | Reached skill level 4 in Unarmed Combat
   283 | D:1      | Reached XP level 3. HP: 13/26 MP: 3/3
   752 | D:1      | XOM: god gift: 25 gold pieces
  1061 | D:2      | Reached XP level 4. HP: 23/31 MP: 4/4
  1068 | D:2      | Found a sparkling altar of Nemelex Xobeh.
  1259 | D:2      | Found a radiant altar of Vehumet.
  1273 | D:2      | XOM: polymorph adder -> jelly
  1276 | D:2      | Splashed by a jelly's acid

Skill      XL: |  1  2 |
---------------+-------+-----
Unarmed Combat | 4 |  4.9
Fighting       | |  3.0
Dodging        | |  2.3

Action                   |  1- 3 |  4- 6 || total
-------------------------+-------+-------++-------
Melee: Unarmed           |    72 |    22 ||    94
       Constrict         |    20 |     2 ||    22
       Tentacles         |    12 |       ||    12
       Punch             |     1 |     1 ||     2
 Stab: Sleeping          |     4 |     1 ||     5
  Eat: Chunk             |       |     1 ||     1
Armor: Skin              |    13 |     2 ||    15
Dodge: Dodged            |    56 |     8 ||    64
Block: Buckler           |       |     3 ||     3
